 Dungeon Crawl Stone Soup version 0.29-a0-565-g7a16c6de65 (webtiles) character file.

Game seed: 13377901982588004408

723 Glokmah the Fighter (level 7, -4/72 HPs)
             Began as an Ogre Monk on June 12, 2022.
             Was a Priest of Hepliaklqana.
             Slain by a kobold brigand
             ... wielding a +0 short sword of distortion
              (14 damage)
             ... on level 4 of the Dungeon.
             The game lasted 00:08:44 (4276 turns).

Glokmah the Fighter (Ogre Monk)                     Turns: 4276, Time: 00:08:44

Health: -4/72      AC:  3    Str: 18    XL:     7   Next: 71%
Magic:  7/7        EV: 10    Int: 11    God:    Hepliaklqana [***...]
Gold:   209        SH:  0    Dex: 11    Spells: 6/6 levels left

rFire   . . .      SeeInvis .   a - +4 whip (elec)
rCold   . . .      Faith    .   (no shield)
rNeg    . . .      Spirit   .   b - +0 robe
rPois   .          Reflect  .   (helmet restricted)
rElec   .          Harm     .   (no cloak)
rCorr   .          Rampage  .   (gloves unavailable)
Will    .....                   (boots unavailable)
Stlth   ++........              (no amulet)
HPRegen 0.22/turn               j - ring of flight
MPRegen 0.10/turn               (no ring)

@: flying, studying Fighting
A: reduced essence, large, unfitting armour, tough skin 1
a: Renounce Religion, Recall Ancestor, Ancestor Identity, Transference


You were on level 4 of the Dungeon.
You worshipped Hepliaklqana.
Hepliaklqana was most pleased with you.
You visited 1 branch of the dungeon, and saw 4 of its levels.

You collected 209 gold pieces.

Inventory:

Hand Weapons
 a - a +4 whip of electrocution (weapon)
 h - a +0 giant spiked club
Missiles
 d - 163 stones (quivered)
Armour
 b - a +0 robe (worn)
Jewellery
 j - a ring of flight (left hand)
Wands
 p - a wand of flame (4)
Scrolls
 e - a scroll of blinking
 i - a scroll of identify
 k - a scroll of teleportation
 l - 3 scrolls of immolation
Potions
 c - a potion of ambrosia
 f - a potion of magic {unknown}
 g - 2 potions of brilliance
 m - 3 potions of might {unknown}
 n - a potion of curing {unknown}
 o - a potion of haste {unknown}


   Skills:
 + Level 8.3 Fighting
 * Level 6.7 Maces & Flails
 - Level 2.6 Dodging
 - Level 1.4 Stealth


You had 6 spell levels left.
You didn't know any spells.
Your spell library contained the following spells:

 Spells                   Type           Power      Damage    Failure   Level
 Beastly Appendage        Tmut           0%         N/A       34%         1
 Wereblood                Tmut           0%         N/A       47%         2
 Spider Form              Tmut/Pois      0%         N/A       71%         3


Dungeon Overview and Level Annotations

Branches:
Dungeon (4/15)             Temple (0/1) D:4

Altars:
Hepliaklqana
Yredelemnul

Shops:
D:3 [

Portals:
Abyss: D:4

Annotations:
D:4 1 transporter, stabb's ghost, amateur MeEE


Innate Abilities, Weirdness & Mutations

Your life essence is reduced to manifest your ancestor. (-10% HP)
You are too large for most types of armour.
You have tough skin. (AC +1)


Message History

You barely miss the small abomination.
The small abomination hits you but does no damage.
You hit the small abomination.
The small abomination is lightly damaged.
The small abomination hits you!!
The small abomination barely misses you.
Septima hits the small abomination with a +0 dagger of draining!
Septima hits the small abomination but does no damage.
You closely miss the small abomination.
The small abomination is moderately damaged.
The small abomination hits you.
Septima hits the small abomination with a +0 dagger of draining.
Septima casts a spell at the small abomination.
The small abomination easily resists.
You whack the small abomination!
The small abomination is severely damaged.
The small abomination barely misses you.
You whack the small abomination!
You destroy the small abomination!
The kobold brigand hits Septima with a +0 short sword of distortion.
Something barely misses Septima.
Your Fighting skill increases to level 8!
You hit the small abomination.
Lightning courses through the small abomination!
The small abomination is heavily damaged.
The small abomination hits you.
You closely miss the small abomination.
The small abomination is heavily damaged.
Stabb's ghost gestures at you while chanting.
The blast of sand hits you!
* * * LOW HITPOINT WARNING * * *
Septima casts a spell at the small abomination.
The small abomination appears confused.
The small abomination barely misses you.
You whack the kobold brigand!
The kobold brigand is moderately wounded.
The kobold brigand hits you with a +0 short sword of distortion!
* * * LOW HITPOINT WARNING * * *
Space warps horribly around you!
You die...

..))...##.......###..###.......##
....)......###.##!####?##.......#
...........#.###...##.#.#....#...
...##.....©#.....###....#....##..
#..#.......##..##.#W....##....#..
............#..###.###^..##.....#
...........[##.x..##.#...##....##
.#..###......##K#.#..##.##....##
##..###.......#©@R##..###.....###
##............#..#.#............#
............###.#^.##............
...##.......#..#..∩.#####......##
.##........##.#.###..##.##.....##
..#...##...#©..##©#.#...?#.....##
..#..##....##.##..##..####......#
#..####.....###....####..........
#..##............................


You could see the friendly Septima the hexer, a kobold brigand (ally target), a
small abomination (confused) and stabb's ghost.

Vanquished Creatures
  Sigmund (D:2)
  A small abomination (D:4)
  2 ogres (D:4)
  2 orc wizards (D:4)
  Natasha (twice) (D:2)
  3 adders
  3 worms
  2 dart slugs
  An orc (D:4)
  2 ball pythons
  11 endoplasms
  7 giant cockroaches
  14 goblins
  10 hobgoblins
  5 jackals (D:3)
  A quokka (D:4)
  3 bats
  A frilled lizard (D:3)
  A kobold (D:4)
  5 rats
77 creatures vanquished.

Vanquished Creatures (collateral kills)
  Natasha (D:2)
  An adder (D:4)
  A worm (D:4)
  A dart slug (D:4)
  An orc (D:4)
  A hobgoblin (D:3)
  2 jackals (D:3)
  A quokka (D:4)
  A ball python (D:3)
  A frilled lizard (D:3)
11 creatures vanquished.

Grand Total: 88 creatures vanquished

Notes
Turn   | Place    | Note
-------+----------+-------------------------------------------
     0 | D:1      | Glokmah the Ogre Monk began the quest for the Orb.
     0 | D:1      | Reached XP level 1. HP: 24/24 MP: 1/1
   117 | D:1      | Reached XP level 2. HP: 20/32 MP: 2/2
   812 | D:1      | Reached XP level 3. HP: 36/40 MP: 3/3
  1220 | D:2      | Noticed Sigmund
  1385 | D:2      | HP: 2/41 [Sigmund/magic dart (7)]
  1388 | D:2      | Killed Sigmund
  1389 | D:2      | Reached skill level 5 in Fighting
  1389 | D:2      | Reached skill level 5 in Maces & Flails
  1389 | D:2      | Reached XP level 4. HP: 2/52 MP: 4/4
  1389 | D:2      | Reached XP level 5. HP: 3/59 MP: 5/5
  1787 | D:2      | Noticed Natasha
  1795 | D:2      | Killed Natasha
  1796 | D:2      | Reached skill level 6 in Fighting
  1796 | D:2      | Reached XP level 6. HP: 62/67 MP: 6/6
  1948 | D:2      | Found a faded altar of an unknown god.
  1955 | D:2      | Prayed at the altar of an unknown god.
  1955 | D:2      | Became a worshipper of Hepliaklqana the Forgotten
  1955 | D:2      | Reached * piety under Hepliaklqana
  1955 | D:2      | Reached ** piety under Hepliaklqana
  1956 | D:2      | Remembered your ancestor Septima as a hexer
  2112 | D:2      | Noticed Natasha
  2118 | D:2      | Killed Natasha
  2178 | D:2      | Noticed Natasha
  2181 | D:2      | Killed Natasha
  2301 | D:3      | Found a basalt altar of Yredelemnul.
  2436 | D:3      | Found Miwni's Antique Armour Shoppe.
  2724 | D:3      | Reached *** piety under Hepliaklqana
  2804 | D:4      | Identified a scroll of acquirement
  2804 | D:4      | Acquired a manual of Fighting
  2852 | D:4      | Found a transporter.
  2867 | D:4      | Reached skill level 7 in Fighting
  2867 | D:4      | Reached XP level 7. HP: 56/70 MP: 7/7
  2978 | D:4      | Noticed a small abomination
  2979 | D:4      | Noticed stabb's ghost (amateur MeEE)
  2997 | D:4      | Found a one-way gate to the infinite horrors of the Abyss.
  3008 | D:4      | Found a transporter.
  3068 | D:4      | Identified the +1 chain mail of the Raven {rF+ rN+ Str-2
                  | Stlth+}
  3400 | D:4      | Found a staircase to the Ecumenical Temple.
  4271 | D:4      | Killed a small abomination
  4272 | D:4      | Reached skill level 8 in Fighting
  4276 | D:4      | Slain by a kobold brigand

Illustrated notes

Levels and vault maps discovered:
D:1:      moated_graveyard_arrival, layout_basic, minmay_misc_feat_x
D:2:      layout_basic, hellmonk_ecumenical_altar_slurped_away, uniq_natasha,
          uniq_sigmund
D:3:      layout_loops_ring, mainiacjoe_overflow_concentric_impassable,
          serial_shops, nicolae_shop_stone
D:4:      layout_layer_cave, minmay_temple_entry_mini_moons,
          gammafunk_ghost_abyssal_escape

Skill      XL: |  1  2  3  4  5  6  7 |
---------------+----------------------+-----
Maces & Flails | 3 5 6 |  6.7
Fighting       | 5 6 7 8 |  8.3
Dodging        | |  2.6
Stealth        | |  1.4

Action                   |  1- 3 |  4- 6 |  7- 9 || total
-------------------------+-------+-------+-------++-------
Melee: Mace              |    49 |       |       ||    49
       Whip              |    74 |    72 |    37 ||   183
       Punch             |     1 |     1 |       ||     2
Throw: Stone             |     3 |       |       ||     3
Invok: Recall Ancestor   |       |     1 |       ||     1
       Ancestor Life: He |       |     1 |       ||     1
  Use: Potion            |       |     1 |       ||     1
       Scroll            |       |     9 |       ||     9
 Stab: Sleeping          |     6 |     1 |       ||     7
       Confused          |       |     1 |     1 ||     2
Armor: Robe              |    43 |    19 |     3 ||    65
Dodge: Dodged            |    90 |    26 |    11 ||   127

Table legend: (Time is in decaauts)
 A = Elapsed time spent in this place.
 B = Non-inter-level travel time spent in this place.
 C = Inter-level travel time spent in this place.
 D = Time resting spent in this place.
 E = Time spent auto-exploring this place.
 F = Levels seen in this place.
 G = Mean time per level.
                   A        B        C        D        E       F      G
               +--------+--------+--------+--------+--------+-----+--------+
         Total |   4275 |   3926 |    349 |    138 |   2854 |   4 | 1068.8 |
       Dungeon |   4275 |   3926 |    349 |    138 |   2854 |   4 | 1068.8 |
               +--------+--------+--------+--------+--------+-----+--------+

Top non-repeatable levels by time:
     D:4: 1465 daAuts
     D:1: 1398 daAuts
     D:2: 809 daAuts
     D:3: 603 daAuts
